 Dungeon Crawl Stone Soup version 0.31.0-32-g396128a36d (webtiles) character file.

Game seed: 16541645019773427421

47289 LordWeiramon the Spry (level 14, -8/105 (108) HPs)
             Began as a Kobold Warper on Mar 28, 2024.
             Was a High Priest of Ashenzari.
             Engulfed by a fire crab's flame (25 damage)
             ... on level 5 of the Lair of Beasts.
             The game lasted 01:21:12 (17578 turns).

LordWeiramon the Spry (Kobold Warper)              Turns: 17578, Time: 01:21:13

HP:   -8/105 (108)  AC: 10    Str:  9    XL:     14   Next: 80%
MP:   24/24         EV: 32    Int: 15    God:    Ashenzari [*****.]
Gold: 1171          SH: 13    Dex: 24    Spells: 24/26 levels left

rFire   . . .        b - +9 long sword "Meov" {vamp, +Blink rCorr}
rCold   . . .        Z - +0 buckler of the Lashed Secrets {Elem, Fort} (curse)
rNeg    . . .        o - +0 troll leather armour of the Wild Blue Yonder {Regen+, Melee, Dev} (curse)
rPois   .            j - +2 helmet "Burden of Ashenzari" {Self, Dev} (curse)
rElec   .            X - +0 cloak of Ashenzari's Ordeal {Self, Range} (curse)
rCorr   +            (no gloves)
SInv    +            i - +0 pair of boots "Ruined With Me" {Self, Sorc} (curse)
Will    +....        A - amulet of Ashenzari's Shame {Reflect SH+5, Fort, Self} (curse)
Stlth   +++++++      Q - ring of the Bound Yoke {Dex+6, Elem, Self} (curse)
HPRegen 1.17/turn    L - ring of the Fated Visionary {EV+5, Self, Fort} (curse)
MPRegen 0.19/turn

%: reflection, clarity
@: lightly drained
A: small, no large weapons, nightstalker 3
a: Renounce Religion, Evoke Blink, Curse Item, Shatter the Chains


You were on level 5 of the Lair of Beasts.
You worshipped Ashenzari.
Ashenzari was extremely pleased with you.
You visited 3 branches of the dungeon, and saw 17 of its levels.
You also visited: Sewer and Ossuary.

You collected 1171 gold pieces.

Inventory:

Hand Weapons
 a - a +4 short sword of freezing
 b - the +9 long sword "Meov" (weapon) {vamp, +Blink rCorr}
   (You found it on level 8 of the Dungeon)

   +Blink:    It lets you blink.
   rCorr:     It protects you from acid and corrosion.
 c - the +1 dagger of Dawn {speed, rElec Int+3 Dex+3}
   (You found it on level 10 of the Dungeon)

   Int+3:     It affects your intelligence (+3).
   Dex+3:     It affects your dexterity (+3).
   rElec:     It insulates you from electricity.
Missiles
 d - 5 darts of dispersal
 z - 23 poisoned darts (quivered)
 B - a throwing net
 E - 12 curare-tipped darts
Armour
 i - the cursed +0 pair of boots "Ruined With Me" (worn) {Self, Sorc}
   (You found it on level 2 of the Dungeon)

   It has a curse which improves the following skills: Introspection: Fighting
   and Spellcasting.
   Sorcery:   Conjurations and Alchemy.
 j - the cursed +2 helmet "Burden of Ashenzari" (worn) {Self, Dev}
   (You found it on level 2 of the Dungeon)

   It has a curse which improves the following skills: Introspection: Fighting
   and Spellcasting.
   Devices:   Evocations and Shapeshifting.
 o - the cursed +0 troll leather armour of the Wild Blue Yonder (worn) {Regen+, Melee, Dev}
   (You found it on level 11 of the Dungeon)

   Regen+:    It increases your rate of health regeneration.
   It has a curse which improves the following skills: Melee Combat: Short
   Blades, Long Blades, Axes, Maces & Flails, Polearms, Staves and Unarmed
   Combat.
   Devices:   Evocations and Shapeshifting.
 X - the cursed +0 cloak of Ashenzari's Ordeal (worn) {Self, Range}
   (You found it on level 10 of the Dungeon)

   It has a curse which improves the following skills: Introspection: Fighting
   and Spellcasting.
   Ranged Combat: Ranged Weapons and Throwing.
 Z - the cursed +0 buckler of the Lashed Secrets (worn) {Elem, Fort}
   (You found it on level 10 of the Dungeon)

   It has a curse which improves the following skills: Elements: Fire Magic, Ice
   Magic, Air Magic and Earth Magic.
   Fortitude: Armour and Shields.
Jewellery
 A - the cursed amulet of Ashenzari's Shame (around neck) {Reflect SH+5, Fort, Self}
   (You found it on level 5 of the Dungeon)

   [amulet of reflection]

   Reflect:   It reflects blocked missile attacks.
   SH+5:      It affects your SH (+5).
   It has a curse which improves the following skills: Fortitude: Armour and
   Shields.
   Introspection: Fighting and Spellcasting.
 F - a +4 ring of protection
 L - the cursed ring of the Fated Visionary (right hand) {EV+5, Self, Fort}
   (You found it on level 6 of the Dungeon)

   [ring of evasion]

   EV+5:      It affects your evasion (+5).
   It has a curse which improves the following skills: Introspection: Fighting
   and Spellcasting.
   Fortitude: Armour and Shields.
 Q - the cursed ring of the Bound Yoke (left hand) {Dex+6, Elem, Self}
   (You found it on level 9 of the Dungeon)

   [ring of dexterity]

   Dex+6:     It affects your dexterity (+6).
   It has a curse which improves the following skills: Elements: Fire Magic, Ice
   Magic, Air Magic and Earth Magic.
   Introspection: Fighting and Spellcasting.
 U - the ring of Jesmir {Fly rF+ Stlth+}
   (You found it on level 5 of the Lair of Beasts)

   [ring of flight]

   rF+:       It protects you from fire.
   Fly:       It grants you flight.
   Stlth+:    It makes you more stealthy.
Wands
 x - a wand of paralysis (10)
 C - a wand of mindburst (3)
 D - a wand of flame (12)
 S - a wand of light (6)
 Y - a wand of iceblast (11)
Scrolls
 e - 3 scrolls of poison
 g - 6 scrolls of immolation
 l - 6 scrolls of fog
 p - 4 scrolls of revelation
 r - 7 scrolls of teleportation
 s - 5 scrolls of enchant armour
 v - 7 scrolls of vulnerability
 y - a scroll of enchant weapon
 H - a scroll of noise
 K - a scroll of brand weapon
 O - a scroll of silence
 T - 2 scrolls of amnesia
 V - 2 scrolls of blinking
Potions
 f - 13 potions of curing
 h - 5 potions of heal wounds
 k - 6 potions of might
 m - a potion of cancellation
 n - a potion of resistance
 q - 2 potions of lignification
 t - 3 potions of invisibility
 u - 5 potions of enlightenment
 w - 6 potions of brilliance
 I - 2 potions of haste
 M - a potion of magic
 N - 2 potions of attraction
 P - a potion of mutation
 R - a potion of ambrosia


   Skills:
 + Level 14.0(20.6) Fighting
 - Level 12.9(15.0) Short Blades
 - Level 1.1(2.4) Throwing
 - Level 6.0(10.1) Armour
 - Level 15.0 Dodging
 - Level 15.0 Stealth
 - Level 5.2(9.2) Shields
 - Level 2.1(6.7) Spellcasting
 - Level 3.0 Translocations
 - Level 5.0(8.0) Evocations


You had 24 spell levels left.
You knew the following spells:

 Your Spells              Type           Power      Damage    Failure   Level
a - Blink                 Tloc           28%        N/A       11%         2

Your spell library contained the following spells:

 Spells                   Type           Power      Damage    Failure   Level
 Apportation              Tloc           28%        N/A       7%          1
 Lesser Beckoning         Tloc           28%        N/A       11%         2
 Gell's Gravitas          Tloc           14%        N/A       21%         3
 Teleport Other           Tloc           14%        N/A       21%         3
 Sting                    Conj/Alch      20%        1d4       22%         1
 Necrotise                Necr           20%        1d5       24%         1
 Summon Small Mammal      Summ           20%        N/A       24%         1
 Ozocubu's Armour         Ice            6%         N/A       52%         3
 Call Canine Familiar     Summ           5%         N/A       56%         3
 Fugue of the Fallen      Necr           5%         N/A       56%         3
 Sigil of Binding         Hex            5%         N/A       56%         3
 Manifold Assault         Tloc           14%        N/A       56%         4
 Vhi's Electric Charge    Tloc/Air       20%        N/A       75%         4
 Dimensional Bullseye     Hex/Tloc       4%         N/A       77%         4
 Dispersal                Tloc           7%         N/A       100%        6
 Disjunction              Tloc           7%         N/A       100%        8


Dungeon Overview and Level Annotations

Branches:
Dungeon (11/15)            Temple (1/1) D:4            Lair (5/5) D:11
  Swamp (0/4) Lair:2        Snake (0/4) Lair:3        Slime (0/5) Lair:4
    Orc (0/2) D:9           Sewer (visited)         Ossuary (visited)

Altars:
Ashenzari
Cheibriados
Dithmenos
Elyvilon
Fedhas
Gozag
Hepliaklqana
Kikubaaqudgha
Makhleb
Nemelex Xobeh
Okawaru
Qazlal
Ru
Sif Muna
Trog
Uskayaw
Vehumet
Wu Jian
Xom
Yredelemnul
Zin
The Shining One
Lugonu

Portals:
Abyss: D:10

Annotations:
D:10 exclusion: sensed monster (detected)


Innate Abilities, Weirdness & Mutations

You are small and have problems with some larger weapons.
You are completely attuned to the shadows.


Message History

The blast of flame misses you.
You slice the black bear!!
You feel better.
You kill the black bear!
You are engulfed in blazing flames.
The fire crab breathes flames at you. The blast of flame misses you.
Unknown command.
Aiming: Paralyse
Press: ? - help, Shift-Dir - straight line, f - fire crab
Aim: a fire crab (flame, heavily wounded, chance to affect: 50%)
The fire crab resists with some effort.
You are engulfed in blazing flames.
The fire crab breathes flames at you. The blast of flame misses you.
Unknown command.
Unknown command.
You slash the fire crab!
You feel better.
The fire crab is severely wounded.
You are engulfed in blazing flames.
The fire crab breathes flames at you.
The blast of flame engulfs you but does no damage.
You slash the fire crab!
The fire crab is severely wounded.
You are engulfed in blazing flames.
The fire crab breathes flames at you. The blast of flame misses you.
You hit the fire crab but do no damage.
The fire crab is severely wounded.
The fire crab breathes flames at you. The blast of flame misses you.
You barely miss the fire crab.
The fire crab is severely wounded.
You are engulfed in blazing flames.
* * * LOW HITPOINT WARNING * * *
The fire crab breathes flames at you. The blast of flame misses you.
Unknown command.
As you read the scroll of fear, it crumbles to dust.
You assume a fearsome visage.
The fire crab looks frightened!
You are engulfed in blazing flames.
You die...

.............##*∆∆#≈~.†##
##P....
..............#~)$#≈≈~†.#
###..#
.............##~/$#≈≈~†.#
####
.....###.#.#..#~..##≈~..###
...### ##.#..##~~..#≈≈~...#
...## ######*###†#≈≈≈..##
....# #.†°≈≈≈~...## ....#
##°t≈≈≈≈≈≈...# ...##
#°@°°§≈≈≈≈≈..# ....#
#≈°°°≈≈≈≈~≈..# ....##
#≈..≈≈≈≈≈≈..≈# .....#
#≈...≈~~≈...## ...###
#.....~~...## ....##
###........# .....#
##.##.#..# ....## #########
.....#


You could see a fire crab (fleeing).

Vanquished Creatures
  Josephine (Lair:4)
  A hydra (Lair:5)
  2 catoblepae
  2 anacondas (Lair:5)
  3 two-headed ogres
  A deep troll shaman (Lair:5)
  11 death yaks
  Urug (D:11)
  Sonja (Lair:1)
  2 skysharks (Lair:4)
  Amaemon (Lair:3)
  A fire crab (Lair:5)
  A lindwurm (Lair:5)
  7 elephants
  3 black mambas
  An orange demon (Lair:3)
  A gargoyle (D:11)
  5 cane toads
  6 komodo dragons
  5 rime drakes
  A kobold demonologist (D:10)
  3 polar bears
  A troll (D:11)
  Grinder (D:3)
  A hornet (D:10)
  20 blink frogs
  7 dream sheep (Lair:4)
  4 wraiths
  5 slime creatures (D:9)
  A vampire (D:9)
  3 wyverns
  Eustachio (D:5)
  Grum (Lair:1)
  27 yaks
  4 basilisks
  A steam dragon (Lair:5)
  2 nagas (Lair:3)
  An acid dragon (D:10)
  10 water moccasins
  6 black bears
  Pargi (Sewer)
  5 orc warriors
  3 ogres
  3 centaurs (D:9)
  27 wolves
  2 phantoms
  3 kobold brigands
  2 brain worms (Sewer)
  5 necrophages (Lair:2)
  8 bullfrogs
  A gnoll sergeant (D:6)
  3 scorpions
  9 wights
  5 killer bees (D:9)
  2 howler monkeys (D:11)
  6 electric eels
  5 bullfrog zombies (Ossuary)
  A jelly (D:6)
  8 hounds
  11 orc priests
  8 mummies (Ossuary)
  A sleepcap (D:8)
  14 hell rats
  16 orc wizards
  A killer bee zombie (Ossuary)
  3 crocodile zombies (Ossuary)
  A hound zombie (Ossuary)
  2 howler monkey zombies (Ossuary)
  Robin (D:2)
  3 gnolls
  11 adders
  2 ribbon worms (D:4)
  57 orcs
  11 ball pythons
  5 bats
  8 endoplasms
  4 giant cockroaches
  11 goblins
  11 hobgoblins
  3 jackals (D:1)
  4 quokkas
  4 ball python zombies (Ossuary)
  2 frilled lizards
  18 kobolds
  6 rats
  A lurking horror (D:10)
474 creatures vanquished.

Vanquished Creatures (others)
  An orc wizard (D:8)
1 creature vanquished.

Grand Total: 475 creatures vanquished

Notes
Turn   | Place    | Note
-------+----------+-------------------------------------------
     0 | D:1      | LordWeiramon the Kobold Warper began the quest for the Orb.
     0 | D:1      | Reached XP level 1. HP: 12/12 MP: 3/3
    13 | D:1      | Reached skill level 1 in Stealth
    88 | D:1      | Reached XP level 2. HP: 17/17 MP: 5/5
   620 | D:1      | Found a faded altar of an unknown god.
   648 | D:1      | Reached XP level 3. HP: 21/21 MP: 6/6
   720 | D:1      | Learned a level 2 spell: Blink
  1316 | D:2      | Noticed Robin
  1350 | D:1      | Reached skill level 5 in Short Blades
  1360 | D:2      | Reached XP level 4. HP: 21/26 MP: 7/7
  1376 | D:2      | Killed Robin
  1890 | D:3      | Noticed Grinder
  1909 | D:3      | Found a basalt altar of Yredelemnul.
  1919 | D:3      | Found an opulent altar of Gozag.
  1920 | D:3      | Found a radiant altar of Vehumet.
  1965 | D:3      | Reached XP level 5. HP: 30/30 MP: 8/8
  1965 | D:3      | Reached skill level 10 in Short Blades
  1965 | D:3      | Reached XP level 6. HP: 44/44 MP: 9/9
  2924 | D:4      | Found a glowing drain.
  2928 | Sewer    | Entered a sewer
  3089 | Sewer    | Noticed Pargi
  3112 | Sewer    | Killed Pargi
  3113 | Sewer    | Reached XP level 7. HP: 48/48 MP: 10/10
  4088 | D:4      | Found a staircase to the Ecumenical Temple.
  4094 | Temple   | Entered the Ecumenical Temple
  4295 | D:5      | Entered Level 5 of the Dungeon
  4307 | D:3      | Paralysed by Grinder for 3 turns
  4318 | D:3      | Killed Grinder
  4319 | D:3      | Reached XP level 8. HP: 53/53 MP: 11/11
  4519 | D:5      | Noticed Eustachio
  5388 | D:5      | Reached skill level 5 in Evocations
  5440 | D:5      | Identified the +0 leather armour "Heylis" {Dex+2}
  5457 | D:5      | Killed Eustachio
  5458 | D:5      | Reached XP level 9. HP: 57/57 MP: 12/12
  5595 | D:6      | Found a sand-covered staircase.
  5601 | Ossuary  | Entered an ossuary
  5632 | Ossuary  | Reached skill level 1 in Armour
  6208 | D:6      | You are sucked into a shaft and drop 1 floor!
  6953 | D:6      | Found a shimmering altar of Xom.
  6958 | D:6      | Found a glowing silver altar of Zin.
  6960 | D:6      | Found a faded altar of an unknown god.
  6961 | D:6      | Found a broken altar of Ashenzari.
  6964 | D:6      | Became a worshipper of Ashenzari the Shackled
  6968 | D:6      | Found a burning altar of Makhleb.
  7859 | D:8      | Identified the +9 long sword "Meov" {vamp, +Blink rCorr}
  7955 | D:8      | Reached XP level 10. HP: 60/63 MP: 13/13
  8102 | D:8      | Noticed a two-headed ogre
  8346 | D:8      | Reached * piety under Ashenzari
  8782 | D:9      | Reached skill level 5 in Armour
  9181 | D:9      | Reached ** piety under Ashenzari
  9441 | D:9      | Found a staircase to the Orcish Mines.
  9620 | D:10     | Entered Level 10 of the Dungeon
  9620 | D:10     | Identified the +1 dagger of Dawn {speed, rElec Int+3 Dex+3}
  9622 | D:10     | Reached XP level 11. HP: 71/71 MP: 16/16
 10236 | D:10     | Reached skill level 1 in Shields
 10445 | D:11     | Noticed a two-headed ogre
 10702 | D:11     | Identified the +2 robe of the Hurling Gods {*Corrode *Slow
                  | rN+++ Stlth+}
 10833 | D:11     | Found a staircase to the Lair.
 10870 | D:11     | Reached *** piety under Ashenzari
 10980 | D:11     | Noticed a two-headed ogre
 11055 | D:11     | Killed a two-headed ogre
 11056 | D:11     | Reached skill level 5 in Shields
 11172 | D:11     | Killed a two-headed ogre
 11219 | D:11     | Noticed Urug
 11232 | D:11     | Killed Urug
 11233 | D:11     | Reached skill level 10 in Dodging
 11394 | D:8      | Killed a two-headed ogre
 11590 | D:10     | Found a one-way gate to the infinite horrors of the Abyss.
 11591 | D:10     | Found a corrupted altar of Lugonu.
 11743 | Lair:1   | Entered Level 1 of the Lair of Beasts
 11751 | Lair:1   | Reached XP level 12. HP: 79/79 MP: 19/19
 11867 | Lair:1   | Reached **** piety under Ashenzari
 12069 | Lair:1   | Noticed Grum
 12096 | Lair:1   | Killed Grum
 12159 | Lair:1   | Noticed Sonja
 12164 | Lair:1   | Killed Sonja
 13116 | Lair:2   | Found a staircase to the Swamp.
 13242 | Lair:2   | Reached ***** piety under Ashenzari
 13493 | Lair:2   | Reached skill level 15 in Dodging
 14156 | Lair:3   | Reached skill level 10 in Stealth
 14156 | Lair:3   | Reached XP level 13. HP: 88/88 MP: 23/23
 14327 | Lair:3   | Found a staircase to the Snake Pit.
 14590 | Lair:3   | Noticed Amaemon
 14595 | Lair:3   | Killed Amaemon
 15571 | Lair:4   | Found a staircase to the Slime Pits.
 15651 | Lair:4   | Reached skill level 15 in Stealth
 15827 | Lair:4   | Noticed a catoblepas
 15838 | Lair:4   | Killed a catoblepas
 16172 | Lair:5   | Entered Level 5 of the Lair of Beasts
 16377 | Lair:5   | Reached XP level 14. HP: 84/100 MP: 24/24
 16451 | Lair:5   | Reached skill level 10 in Fighting
 16719 | Lair:5   | Noticed Josephine
 16729 | Lair:4   | Killed Josephine
 17225 | Lair:5   | Identified the ring of Jesmir {Fly rF+ Stlth+}
 17578 | Lair:5   | Engulfed by a fire crab's flame

Illustrated notes

Levels and vault maps discovered:
D:1:      onia_arrival_handbag, layout_basic, chequers_ecumenical_altar_grove,
          nicolae_hexahallways
D:2:      layout_rooms, minmay_cupped, uniq_robin
D:3:      layout_basic, grunt_temple_overflow_open, st_stairs_4, uniq_grinder
D:4:      layout_loops_corners, lemuel_temple_firewalk_b, gup_sewer_entry_bowl,
          chequers_serial_rivers_small_b
D:5:      layout_basic, chequers_serial_rivers_room_b, uniq_eustachio
D:6:      layout_basic, chequers_temple_overflow_minitemple, enter_ossuary_1,
          dk_vineyard_1, nrook_mini_vaults
D:7:      layout_gridville
D:8:      layout_loops_corners
D:9:      layout_basic, hiddenorc2_lemuel, serial_corexii_hall,
          chequers_hall_statues_wall_a, corexii_hall_statues_i
D:10:     layout_rooms, chequers_serial_rivers_micro_a,
          amcnicky_altar_lugonu_corruption, uniq_gastronok
D:11:     layout_irregular_city, erik_lair_island, uniq_urug
Temple:   bh_familiar_temple
Lair:1:   layout_small_grid, grunt_megastairs_2, serial_bayou_shore_b,
          uniq_grum, uniq_sonja
Lair:2:   layout_long_grid, swamp_mist_pool, serial_forest,
          infiniplex_forest_lined_room_3, infiniplex_forest_clump_medium,
          infiniplex_forest_straight_2, infiniplex_forest_clump_long,
          infiniplex_forest_pool, roderic_carrion_pond, columned_hall_lemuel
Lair:3:   layout_small_grid, guppyfry_snake_entry_garden,
          infiniplex_staircase_pool, uniq_amaemon
Lair:4:   layout_roguey, slime_entry_1
Lair:5:   grunt_lair_end_beastmaster, layout_hall_layers, st_stairs_8,
          eino_small_chamber_without_monster, nicolae_lair_lakeside_cave,
          infiniplex_staircase_pool_2, uniq_josephine

Skill      XL: |  1  2  3  4  5  6  7  8  9 10 11 12 13 14 |
---------------+-------------------------------------------+-----
Stealth        | 1 8 9 10 15 | 15.0
Short Blades   | 3 4 5 6 10 12 | 12.9
Fighting       | 7 9 14 | 14.0
Dodging        | 7 8 9 10 15 | 15.0
Evocations     | 3 5 |  5.0
Armour         | 4 6 |  6.0
Shields        | 5 |  5.2
Throwing       | |  1.1
Spellcasting   | |  2.1
Translocations | |  3.0

Action                     |  1- 3 |  4- 6 |  7- 9 | 10-12 | 13-15 || total
---------------------------+-------+-------+-------+-------+-------++-------
  Melee: Short sword       |   114 |   138 |   543 |   591 |   465 ||  1851
         Long sword        |     5 |       |    12 |   179 |   195 ||   391
         Punch             |       |       |     3 |     6 |       ||     9
  Throw: Dart              |     2 |       |       |     3 |     6 ||    11
 Invoke: Curse Item        |       |       |     1 |     7 |       ||     8
  Evoke: Wand              |       |       |     7 |     8 |    10 ||    25
    Use: Scroll            |       |    10 |    10 |     1 |     2 ||    23
         Potion            |       |     1 |     1 |     3 |       ||     5
   Stab: Sleeping          |    12 |    10 |    28 |    35 |    31 ||   116
         Paralysed         |       |       |     1 |     6 |     2 ||     9
         Distracted        |       |       |     2 |     3 |     3 ||     8
 Armour: Leather armour    |    44 |    52 |   120 |    73 |       ||   289
         Troll leather arm |       |       |       |    52 |   106 ||   158
  Dodge: Dodged            |    65 |    98 |   266 |   490 |   372 ||  1291
  Block: Buckler           |       |       |       |   198 |   269 ||   467
         Reflection        |       |       |       |     1 |     1 ||     2
